1812 views
Uploaded 2023-08-07 18:49:14
Game version 1.36 (6115)
37:54 long 3on3 ladder game on (6)ThunderLake_LV
Saved by GIGA
1812 views
Uploaded 2023-08-07 18:49:14
Game version 1.36 (6115)
37:54 long 3on3 ladder game on (6)ThunderLake_LV


96 units @ 9.8k
/ 1.6k
130 buildings @ 9.4k
/ 4.2k



| Circlet of Nobility | 1 | 175 |
| Khadgar's Gem of Health | 1 | 600 |
| Amulet of Spell Shield | 1 | 600 |
| total: | 3 | 1375g |
| Peasant | 17 | 1275 | / | 0 |
| Dragonhawk Rider | 6 | 1200 | / | 180 |
| total: | 23 | 2475g | / | 180w |
| Scout Tower | 49 | 1470 | / | 980 |
| Arcane Tower | 5 | 350 | / | 250 |
| Guard Tower | 17 | 1190 | / | 850 |
| Altar of Kings | 2 | 360 | / | 100 |
| Farm | 10 | 800 | / | 200 |
| Lumber Mill | 2 | 240 | / | 0 |
| Arcane Vault | 1 | 130 | / | 30 |
| Gryphon Aviary | 2 | 280 | / | 300 |
| Arcane Sanctum | 1 | 150 | / | 140 |
| Keep | 1 | 320 | / | 210 |
| Castle | 1 | 360 | / | 210 |
| total: | 67 | 3430g | / | 1750w |
| 0:03 | Peasant |
| 0:03 | Peasant |
| 0:07 | Altar of Kings |
| 0:10 | Farm |
| 0:20 | Lumber Mill |
| 0:26 | Farm |
| 0:31 | Peasant |
| 0:48 | Peasant |
| 1:04 | Improved Lumber Harvesting |
| 1:07 | Peasant |
| 1:19 | Peasant |
| 1:27 | Farm |
| 1:33 | Scout Tower |
| 1:39 | Peasant |
| 1:50 | Peasant |
| 2:05 | Peasant |
| 2:10 | Arcane Tower |
| 2:15 | Scout Tower |
| 2:25 | Peasant |
| 2:27 | Scout Tower |
| 2:49 | Scout Tower |
| 2:50 | Scout Tower |
| 2:51 | Scout Tower |
| 2:53 | Scout Tower |
| 2:55 | Scout Tower |
| 2:59 | Storm Bolt |
| 3:16 | Guard Tower |
| 3:21 | Peasant |
| 3:21 | Peasant |
| 3:21 | Peasant |
| 3:21 | Peasant |
| 3:28 | Guard Tower |
| 3:31 | Scout Tower |
| 3:37 | Scout Tower |
| 3:39 | Scout Tower |
| 3:40 | Scout Tower |
| 3:42 | Scout Tower |
| 4:00 | Improved Masonry |
| 4:06 | Guard Tower |
| 4:08 | Guard Tower |
| 4:10 | Guard Tower |
| 4:15 | Scout Tower |
| 4:16 | Scout Tower |
| 4:17 | Scout Tower |
| 4:18 | Scout Tower |
| 4:47 | Keep |
| 5:09 | Scout Tower |
| 5:11 | Scout Tower |
| 5:11 | Scout Tower |
| 5:12 | Scout Tower |
| 5:14 | Scout Tower |
| 5:15 | Scout Tower |
| 5:16 | Scout Tower |
| 5:16 | Scout Tower |
| 5:18 | Scout Tower |
| 5:19 | Scout Tower |
| 5:27 | Scout Tower |
| 5:27 | Scout Tower |
| 5:28 | Scout Tower |
| 5:29 | Scout Tower |
| 5:31 | Guard Tower |
| 5:43 | Guard Tower |
| 5:44 | Guard Tower |
| 6:03 | Guard Tower |
| 6:14 | Arcane Tower |
| 6:17 | Scout Tower |
| 6:18 | Scout Tower |
| 6:18 | Scout Tower |
| 6:19 | Scout Tower |
| 6:33 | Arcane Tower |
| 6:35 | Guard Tower |
| 6:51 | Bash |
| 7:02 | Arcane Tower |
| 7:03 | Guard Tower |
| 7:09 | Scout Tower |
| 7:09 | Scout Tower |
| 7:10 | Scout Tower |
| 7:11 | Scout Tower |
| 7:44 | Peasant |
| 8:06 | Guard Tower |
| 8:14 | Scout Tower |
| 8:15 | Scout Tower |
| 8:22 | Guard Tower |
| 8:28 | Peasant |
| 8:28 | Peasant |
| 8:44 | Castle |
| 8:51 | Gryphon Aviary |
| 8:56 | Gryphon Aviary |
| 9:02 | Arcane Vault |
| 9:05 | Guard Tower |
| 9:11 | Holy Light |
| 9:35 | Arcane Tower |
| 9:45 | Lumber Mill |
| 9:56 | Advanced Masonry |
| 11:18 | Farm |
| 11:19 | Cloud |
| 11:49 | Scout Tower |
| 11:50 | Scout Tower |
| 11:50 | Scout Tower |
| 11:52 | Scout Tower |
| 11:53 | Scout Tower |
| 11:54 | Scout Tower |
| 12:01 | Arcane Sanctum |
| 12:03 | Imbued Masonry |
| 12:42 | Divine Shield |
| 12:44 | Storm Bolt |
| 12:48 | Divine Shield |
| 13:01 | Dragonhawk Rider |
| 13:01 | Dragonhawk Rider |
| 13:07 | Farm |
| 13:24 | Guard Tower |
| 14:09 | Magic Sentry |
| 14:28 | Dragonhawk Rider |
| 14:30 | Guard Tower |
| 14:34 | Scout Tower |
| 14:35 | Scout Tower |
| 14:57 | Altar of Kings |
| 15:01 | Farm |
| 15:31 | Guard Tower |
| 16:24 | Circlet of Nobility |
| 16:33 | Siphon Mana |
| 16:54 | Storm Bolt |
| 17:16 | Khadgar's Gem of Health |
| 17:20 | Amulet of Spell Shield |
| 17:57 | Wind Walk |
| 19:31 | Critical Strike |
| 21:49 | Holy Light |
| 23:00 | Bash |
| 23:10 | Farm |
| 23:11 | Farm |
| 23:11 | Farm |
| 23:12 | Farm |
| 24:15 | Bladestorm |
| 26:48 | Dragonhawk Rider |
| 26:48 | Dragonhawk Rider |
| 26:48 | Dragonhawk Rider |
| 28:08 | Flame Strike |
| 28:15 | Divine Shield |
| 28:57 | Wind Walk |
| 30:12 | Mirror Image |
| 30:41 | Storm Bolt |
| 32:12 | Divine Shield |
| 32:18 | Storm Bolt |
| 33:04 | Flame Strike |
| 37:48 | Mirror Image |
| Right click | 1489 |
| Select | 406 |
| Build/train/purchase | 131 |
| Select group | 114 |
| Chat | 47 |
| Use ability | 46 |
| Assign group | 16 |
| Minimap ping | 15 |
| Resource trade | 15 |
| Misc. action | 10 |
| Item give/drop | 10 |
| Esc | 2 |
| Remove unit | 1 |


| Peasant | 21 | 1575 | / | 0 |
| Flying Machine | 31 | 3100 | / | 930 |
| Mortar Team | 4 | 720 | / | 280 |
| total: | 56 | 5395g | / | 1210w |
| Scout Tower | 22 | 660 | / | 440 |
| Arcane Tower | 4 | 280 | / | 200 |
| Guard Tower | 9 | 630 | / | 450 |
| Altar of Kings | 2 | 360 | / | 100 |
| Farm | 20 | 1600 | / | 400 |
| Lumber Mill | 1 | 120 | / | 0 |
| Town Hall | 2 | 770 | / | 410 |
| Arcane Vault | 1 | 130 | / | 30 |
| Blacksmith | 1 | 140 | / | 60 |
| Workshop | 3 | 420 | / | 420 |
| Keep | 1 | 320 | / | 210 |
| Castle | 1 | 360 | / | 210 |
| total: | 52 | 4200g | / | 1860w |
| 0:03 | Peasant |
| 0:07 | Altar of Kings |
| 0:08 | Peasant |
| 0:19 | Farm |
| 0:21 | Peasant |
| 0:40 | Lumber Mill |
| 0:43 | Peasant |
| 0:51 | Farm |
| 0:54 | Peasant |
| 1:01 | Scout Tower |
| 1:06 | Peasant |
| 1:20 | Peasant |
| 1:30 | Farm |
| 1:33 | Peasant |
| 1:47 | Arcane Tower |
| 1:50 | Peasant |
| 1:57 | Peasant |
| 2:14 | Peasant |
| 2:18 | Peasant |
| 2:24 | Scout Tower |
| 2:34 | Storm Bolt |
| 2:48 | Scout Tower |
| 2:52 | Peasant |
| 2:54 | Scout Tower |
| 2:55 | Scout Tower |
| 3:06 | Town Hall |
| 3:10 | Scout Tower |
| 3:13 | Guard Tower |
| 3:14 | Scout Tower |
| 3:18 | Peasant |
| 3:25 | Guard Tower |
| 3:42 | Arcane Tower |
| 3:47 | Arcane Tower |
| 3:55 | Scout Tower |
| 4:06 | Guard Tower |
| 4:24 | Guard Tower |
| 4:35 | Keep |
| 4:51 | Guard Tower |
| 4:56 | Scout Tower |
| 4:57 | Scout Tower |
| 5:07 | Peasant |
| 5:41 | Bash |
| 5:56 | Arcane Vault |
| 6:00 | Blacksmith |
| 6:55 | Town Hall |
| 7:00 | Castle |
| 7:08 | Guard Tower |
| 7:12 | Workshop |
| 7:30 | Peasant |
| 7:30 | Peasant |
| 7:31 | Peasant |
| 7:31 | Peasant |
| 7:36 | Improved Lumber Harvesting |
| 7:41 | Workshop |
| 8:16 | Workshop |
| 8:29 | Peasant |
| 8:29 | Peasant |
| 8:39 | Flare |
| 8:41 | Black Gunpowder |
| 8:52 | Holy Light |
| 9:08 | Advanced Lumber Harvesting |
| 9:08 | Improved Masonry |
| 9:32 | Guard Tower |
| 10:01 | Flak Cannons |
| 10:02 | Flying Machine Bombs |
| 10:02 | Fragmentation Shards |
| 10:04 | Refined Gunpowder |
| 10:05 | Iron Plating |
| 10:54 | Flying Machine |
| 10:54 | Flying Machine |
| 10:54 | Flying Machine |
| 10:54 | Flying Machine |
| 10:55 | Flying Machine |
| 10:55 | Flying Machine |
| 10:55 | Flying Machine |
| 11:56 | Scout Tower |
| 11:56 | Scout Tower |
| 11:57 | Scout Tower |
| 11:58 | Scout Tower |
| 11:58 | Scout Tower |
| 11:59 | Scout Tower |
| 12:00 | Scout Tower |
| 12:07 | Flying Machine |
| 12:07 | Flying Machine |
| 12:11 | Imbued Gunpowder |
| 12:26 | Advanced Masonry |
| 12:47 | Farm |
| 12:48 | Farm |
| 12:53 | Farm |
| 12:53 | Farm |
| 12:54 | Farm |
| 12:54 | Farm |
| 13:03 | Guard Tower |
| 13:24 | Farm |
| 13:43 | Farm |
| 13:49 | Farm |
| 13:51 | Farm |
| 13:55 | Farm |
| 13:56 | Farm |
| 13:56 | Farm |
| 14:03 | Steel Plating |
| 14:08 | Flying Machine |
| 14:15 | Flying Machine |
| 14:15 | Flying Machine |
| 14:16 | Flying Machine |
| 14:16 | Flying Machine |
| 14:16 | Flying Machine |
| 14:16 | Flying Machine |
| 14:16 | Flying Machine |
| 14:25 | Flying Machine |
| 14:26 | Flying Machine |
| 14:26 | Flying Machine |
| 14:26 | Flying Machine |
| 14:26 | Flying Machine |
| 14:26 | Flying Machine |
| 14:27 | Flying Machine |
| 14:54 | Guard Tower |
| 14:57 | Scout Tower |
| 14:58 | Scout Tower |
| 15:00 | Scout Tower |
| 15:00 | Scout Tower |
| 15:01 | Scout Tower |
| 15:58 | Altar of Kings |
| 16:58 | Farm |
| 16:59 | Farm |
| 17:01 | Farm |
| 17:05 | Farm |
| 17:39 | Mortar Team |
| 17:48 | Arcane Tower |
| 18:04 | Mortar Team |
| 18:04 | Mortar Team |
| 19:48 | Mortar Team |
| 30:47 | Flying Machine |
| 30:48 | Flying Machine |
| 30:48 | Flying Machine |
| 30:48 | Flying Machine |
| 30:48 | Flying Machine |
| 30:48 | Flying Machine |
| 31:42 | Flying Machine |
| Right click | 1963 |
| Select group | 1801 |
| Select | 349 |
| Build/train/purchase | 98 |
| Misc. action | 48 |
| Use ability | 37 |
| Assign group | 22 |
| Resource trade | 15 |
| Minimap ping | 2 |

| Healing Salve | 2 | 200 |
| Orb of Lightning | 1 | 375 |
| Potion of Mana | 1 | 200 |
| Lesser Clarity Potion | 1 | 70 |
| Staff of Teleportation | 1 | 150 |
| Boots of Speed | 1 | 250 |
| Gloves of Haste | 1 | 125 |
| Pendant of Mana | 1 | 600 |
| total: | 9 | 1970g |
| Peon | 11 | 825 | / | 0 |
| Troll Witch Doctor | 4 | 580 | / | 100 |
| Kodo Beast | 2 | 510 | / | 120 |
| total: | 17 | 1915g | / | 220w |
| Altar of Storms | 1 | 180 | / | 50 |
| Orc Burrow | 6 | 960 | / | 240 |
| War Mill | 1 | 205 | / | 0 |
| Voodoo Lounge | 1 | 130 | / | 30 |
| Spirit Lodge | 1 | 150 | / | 150 |
| Beastiary | 1 | 145 | / | 140 |
| Stronghold | 1 | 315 | / | 190 |
| Fortress | 1 | 325 | / | 190 |
| total: | 11 | 1770g | / | 610w |
| 0:03 | Altar of Storms |
| 0:08 | Orc Burrow |
| 0:08 | Peon |
| 0:11 | Peon |
| 0:24 | Peon |
| 1:01 | War Mill |
| 1:03 | Peon |
| 1:15 | Peon |
| 1:31 | Peon |
| 1:53 | Peon |
| 1:53 | Peon |
| 2:06 | Wind Walk |
| 2:13 | Peon |
| 2:40 | Stronghold |
| 3:20 | Voodoo Lounge |
| 5:07 | Peon |
| 5:07 | Peon |
| 5:09 | Reinforced Defenses |
| 5:28 | Healing Salve |
| 5:33 | Critical Strike |
| 6:21 | Orc Burrow |
| 6:27 | Fortress |
| 6:50 | Spiked Barricades |
| 8:15 | Gloves of Haste |
| 9:31 | Spirit Lodge |
| 9:50 | Critical Strike |
| 10:13 | Improved Spiked Barricades |
| 11:20 | Witch Doctor Adept Training |
| 11:48 | Staff of Teleportation |
| 11:49 | Boots of Speed |
| 12:21 | Beastiary |
| 13:26 | Witch Doctor Master Training |
| 13:26 | Troll Witch Doctor |
| 13:27 | Troll Witch Doctor |
| 13:27 | Troll Witch Doctor |
| 13:28 | Troll Witch Doctor |
| 13:44 | War Drums Damage Increase |
| 13:56 | Pendant of Mana |
| 14:47 | Kodo Beast |
| 14:56 | Orb of Lightning |
| 14:57 | Potion of Mana |
| 14:59 | Lesser Clarity Potion |
| 15:01 | Healing Salve |
| 15:25 | Orc Burrow |
| 16:35 | Kodo Beast |
| 22:05 | Bash |
| 22:10 | Holy Light |
| 26:54 | Orc Burrow |
| 27:52 | Orc Burrow |
| 27:52 | Orc Burrow |
| 32:46 | Holy Light |
| 37:09 | Avatar |
| 37:11 | Avatar |
| Right click | 1085 |
| Select group | 318 |
| Select | 192 |
| Misc. action | 146 |
| Resource trade | 89 |
| Use ability | 81 |
| Build/train/purchase | 68 |
| Chat | 11 |
| Item give/drop | 9 |
| Assign group | 5 |
| Minimap ping | 3 |
174 units @ 23.8k
/ 4.1k
117 buildings @ 15.6k
/ 7.6k


| Lesser Clarity Potion | 1 | 70 |
| Scroll of Regeneration | 3 | 300 |
| Potion of Mana | 1 | 200 |
| Orb of Fire | 1 | 325 |
| Scroll of Healing | 1 | 250 |
| Scroll of Town Portal | 1 | 350 |
| Periapt of Vitality | 1 | 325 |
| Circlet of Nobility | 1 | 175 |
| Boots of Speed | 1 | 250 |
| Potion of Lesser Invulnerability | 1 | 150 |
| total: | 12 | 2395g |
| Peasant | 21 | 1575 | / | 0 |
| Footman | 4 | 540 | / | 0 |
| Rifleman | 10 | 2050 | / | 300 |
| Priest | 1 | 135 | / | 10 |
| Sorceress | 2 | 310 | / | 40 |
| Mortar Team | 1 | 180 | / | 70 |
| Harpy Windwitch | 1 | 240 | / | 30 |
| total: | 40 | 5030g | / | 450w |
| Scout Tower | 23 | 690 | / | 460 |
| Guard Tower | 14 | 980 | / | 700 |
| Arcane Tower | 2 | 140 | / | 100 |
| Barracks | 1 | 160 | / | 60 |
| Altar of Kings | 1 | 180 | / | 50 |
| Farm | 9 | 720 | / | 180 |
| Arcane Vault | 2 | 260 | / | 60 |
| Lumber Mill | 1 | 120 | / | 0 |
| Blacksmith | 2 | 280 | / | 120 |
| Town Hall | 1 | 385 | / | 205 |
| Arcane Sanctum | 1 | 150 | / | 140 |
| Workshop | 2 | 280 | / | 280 |
| Keep | 1 | 320 | / | 210 |
| Castle | 1 | 360 | / | 210 |
| total: | 43 | 3225g | / | 1555w |
| 0:02 | Peasant |
| 0:06 | Barracks |
| 0:11 | Altar of Kings |
| 0:18 | Farm |
| 0:19 | Peasant |
| 0:33 | Peasant |
| 1:00 | Peasant |
| 1:15 | Peasant |
| 1:18 | Footman |
| 1:34 | Arcane Vault |
| 1:37 | Arcane Vault |
| 1:46 | Footman |
| 1:49 | Farm |
| 1:53 | Farm |
| 2:01 | Summon Water Elemental |
| 2:18 | Lumber Mill |
| 2:41 | Blacksmith |
| 2:45 | Blacksmith |
| 3:02 | Footman |
| 3:03 | Peasant |
| 3:04 | Peasant |
| 3:23 | Footman |
| 3:28 | Peasant |
| 3:33 | Farm |
| 3:59 | Keep |
| 4:01 | Improved Lumber Harvesting |
| 4:31 | Rifleman |
| 4:31 | Rifleman |
| 4:33 | Lesser Clarity Potion |
| 4:36 | Scroll of Regeneration |
| 5:33 | Brilliance Aura |
| 5:44 | Town Hall |
| 5:54 | Farm |
| 6:38 | Peasant |
| 6:38 | Peasant |
| 6:40 | Scroll of Regeneration |
| 6:57 | Farm |
| 7:07 | Arcane Sanctum |
| 7:10 | Peasant |
| 7:12 | Peasant |
| 7:39 | Advanced Lumber Harvesting |
| 7:41 | Peasant |
| 7:41 | Peasant |
| 7:49 | Peasant |
| 8:09 | Summon Water Elemental |
| 8:13 | Rifleman |
| 8:13 | Rifleman |
| 8:14 | Long Rifles |
| 8:34 | Priest |
| 8:34 | Sorceress |
| 8:36 | Rifleman |
| 8:37 | Rifleman |
| 8:48 | Scout Tower |
| 8:48 | Scout Tower |
| 8:49 | Scout Tower |
| 8:59 | Rifleman |
| 9:05 | Priest Adept Training |
| 9:07 | Sorceress |
| 9:19 | Potion of Mana |
| 9:20 | Scroll of Regeneration |
| 9:23 | Storm Bolt |
| 9:58 | Rifleman |
| 10:29 | Castle |
| 10:30 | Priest Master Training |
| 10:30 | Sorceress Adept Training |
| 10:51 | Black Gunpowder |
| 10:52 | Studded Leather Armor |
| 10:55 | Farm |
| 11:12 | Improved Masonry |
| 11:16 | Guard Tower |
| 11:32 | Scout Tower |
| 11:33 | Scout Tower |
| 12:11 | Refined Gunpowder |
| 12:15 | Magic Sentry |
| 12:24 | Guard Tower |
| 12:32 | Guard Tower |
| 12:33 | Scout Tower |
| 12:34 | Scout Tower |
| 12:42 | Periapt of Vitality |
| 12:43 | Circlet of Nobility |
| 12:43 | Boots of Speed |
| 12:44 | Scroll of Healing |
| 13:00 | Potion of Lesser Invulnerability |
| 13:01 | Scroll of Town Portal |
| 13:14 | Scout Tower |
| 13:15 | Scout Tower |
| 13:15 | Scout Tower |
| 13:16 | Scout Tower |
| 13:17 | Scout Tower |
| 13:18 | Scout Tower |
| 13:29 | Orb of Fire |
| 13:35 | Thunder Clap |
| 13:39 | Sorceress Master Training |
| 13:42 | Peasant |
| 13:43 | Peasant |
| 13:43 | Peasant |
| 14:43 | Reinforced Leather Armor |
| 14:50 | Arcane Tower |
| 14:52 | Arcane Tower |
| 15:09 | Guard Tower |
| 15:50 | Dragonhide Armor |
| 16:24 | Guard Tower |
| 16:26 | Guard Tower |
| 16:27 | Guard Tower |
| 17:17 | Harpy Windwitch |
| 17:26 | Imbued Gunpowder |
| 17:34 | Rifleman |
| 17:34 | Rifleman |
| 17:36 | Farm |
| 18:30 | Brilliance Aura |
| 18:38 | Peasant |
| 18:38 | Peasant |
| 18:40 | Peasant |
| 18:46 | Scout Tower |
| 18:50 | Scout Tower |
| 18:51 | Scout Tower |
| 19:47 | Guard Tower |
| 19:50 | Guard Tower |
| 19:53 | Scout Tower |
| 19:54 | Scout Tower |
| 20:00 | Workshop |
| 20:04 | Workshop |
| 20:45 | Scout Tower |
| 20:47 | Scout Tower |
| 20:50 | Guard Tower |
| 21:22 | Scout Tower |
| 21:24 | Guard Tower |
| 22:48 | Scout Tower |
| 22:49 | Scout Tower |
| 22:50 | Guard Tower |
| 22:52 | Farm |
| 23:20 | Mortar Team |
| 23:26 | Guard Tower |
| Right click | 952 |
| Select | 423 |
| Select group | 327 |
| Build/train/purchase | 155 |
| Misc. action | 44 |
| Assign group | 25 |
| Use ability | 13 |
| Item give/drop | 3 |
| Minimap ping | 2 |

| Lesser Clarity Potion | 2 | 140 |
| Dust of Appearance | 2 | 150 |
| Scroll of Town Portal | 3 | 1050 |
| total: | 7 | 1340g |
| Wisp | 38 | 2280 | / | 0 |
| Archer | 18 | 2340 | / | 180 |
| Dryad | 17 | 2465 | / | 1020 |
| Chimaera | 4 | 1320 | / | 280 |
| Glaive Thrower | 6 | 1260 | / | 390 |
| Siege Engine | 3 | 585 | / | 180 |
| Peasant | 1 | 75 | / | 0 |
| total: | 87 | 10325g | / | 2050w |
| Ancient Protector | 13 | 1755 | / | 1040 |
| Moon Well | 9 | 1620 | / | 360 |
| Altar of Elders | 1 | 180 | / | 50 |
| Ancient of War | 2 | 300 | / | 120 |
| Tree of Life | 5 | 1700 | / | 925 |
| Hunter's Hall | 1 | 210 | / | 100 |
| Ancient of Wonders | 1 | 90 | / | 30 |
| Ancient of Lore | 2 | 310 | / | 290 |
| Chimaera Roost | 3 | 420 | / | 570 |
| Tree of Ages | 3 | 960 | / | 540 |
| Tree of Eternity | 2 | 660 | / | 400 |
| total: | 37 | 6585g | / | 3485w |
| 0:02 | Wisp |
| 0:03 | Wisp |
| 0:03 | Wisp |
| 0:12 | Moon Well |
| 0:18 | Altar of Elders |
| 0:33 | Ancient of War |
| 0:35 | Wisp |
| 0:43 | Wisp |
| 1:07 | Wisp |
| 1:13 | Wisp |
| 1:28 | Moon Well |
| 1:35 | Archer |
| 1:41 | Archer |
| 2:00 | Moon Well |
| 2:24 | Entangling Roots |
| 2:26 | Archer |
| 2:31 | Wisp |
| 2:31 | Wisp |
| 2:39 | Wisp |
| 3:01 | Archer |
| 3:26 | Force of Nature |
| 3:37 | Tree of Life |
| 3:44 | Tree of Ages |
| 4:14 | Hunter's Hall |
| 4:17 | Ancient of Wonders |
| 4:40 | Archer |
| 4:51 | Moon Well |
| 4:58 | Archer |
| 6:12 | Thorns Aura |
| 6:25 | Wisp |
| 6:25 | Wisp |
| 6:25 | Wisp |
| 6:25 | Wisp |
| 6:26 | Wisp |
| 6:32 | Wisp |
| 6:32 | Wisp |
| 6:32 | Wisp |
| 6:53 | Archer |
| 6:58 | Ancient Protector |
| 7:02 | Ancient Protector |
| 7:03 | Wisp |
| 7:04 | Wisp |
| 8:38 | Tree of Eternity |
| 8:44 | Ancient of Lore |
| 8:46 | Ancient of Lore |
| 8:48 | Moon Well |
| 8:59 | Lesser Clarity Potion |
| 9:17 | Archer |
| 9:18 | Archer |
| 9:18 | Archer |
| 9:18 | Archer |
| 9:18 | Archer |
| 9:18 | Archer |
| 9:18 | Archer |
| 9:18 | Archer |
| 9:18 | Archer |
| 9:37 | Ancient Protector |
| 9:41 | Ancient Protector |
| 9:43 | Dust of Appearance |
| 9:47 | Archer |
| 9:54 | Wisp |
| 9:54 | Wisp |
| 9:55 | Wisp |
| 10:04 | Strength of the Wild |
| 10:05 | Archer |
| 10:07 | Abolish Magic |
| 10:08 | Dryad |
| 10:49 | Dryad |
| 10:49 | Dryad |
| 11:22 | Chimaera Roost |
| 11:23 | Chimaera Roost |
| 11:25 | Chimaera Roost |
| 11:36 | Wisp |
| 11:36 | Wisp |
| 11:36 | Wisp |
| 11:59 | Reinforced Hides |
| 12:01 | Wisp |
| 12:01 | Wisp |
| 12:49 | Corrosive Breath |
| 12:51 | Chimaera |
| 13:06 | Chimaera |
| 13:19 | Well Spring |
| 13:23 | Moon Well |
| 13:58 | Entangling Roots |
| 14:14 | Chimaera |
| 14:35 | Chimaera |
| 15:21 | Moon Well |
| 15:22 | Moon Well |
| 15:24 | Moon Well |
| 15:26 | Improved Strength of the Wild |
| 15:55 | Improved Reinforced Hides |
| 16:32 | Dryad |
| 16:32 | Dryad |
| 16:32 | Dryad |
| 17:16 | Advanced Strength of the Wild |
| 17:34 | Dryad |
| 17:34 | Dryad |
| 17:34 | Dryad |
| 19:56 | Vorpal Blades |
| 19:56 | Glaive Thrower |
| 20:00 | Ancient of War |
| 20:24 | Wisp |
| 20:24 | Wisp |
| 20:29 | Ancient Protector |
| 20:31 | Ancient Protector |
| 20:33 | Ancient Protector |
| 20:36 | Ancient Protector |
| 20:38 | Wisp |
| 20:38 | Wisp |
| 20:38 | Wisp |
| 20:43 | Ancient Protector |
| 21:05 | Tree of Ages |
| 21:06 | Ancient Protector |
| 21:08 | Ancient Protector |
| 21:19 | Tree of Life |
| 21:43 | Glaive Thrower |
| 21:43 | Glaive Thrower |
| 21:43 | Glaive Thrower |
| 22:01 | Tree of Life |
| 25:01 | Barrage |
| 25:02 | Siege Engine |
| 25:03 | Siege Engine |
| 25:31 | Tree of Ages |
| 26:06 | Lesser Clarity Potion |
| 26:19 | Siege Engine |
| 26:27 | Peasant |
| 26:35 | Dryad |
| 26:53 | Wisp |
| 26:53 | Wisp |
| 26:53 | Wisp |
| 27:17 | Tree of Life |
| 27:47 | Dust of Appearance |
| 27:56 | Ancient Protector |
| 27:57 | Ancient Protector |
| 28:21 | Tree of Eternity |
| 28:36 | Wisp |
| 28:37 | Wisp |
| 31:07 | Scroll of Town Portal |
| 31:26 | Dryad |
| 31:26 | Dryad |
| 31:27 | Dryad |
| 31:32 | Glaive Thrower |
| 31:32 | Glaive Thrower |
| 31:56 | Dryad |
| 31:57 | Dryad |
| 33:01 | Dryad |
| 33:02 | Dryad |
| 33:40 | Tree of Life |
| 35:25 | Scroll of Town Portal |
| 35:35 | Scroll of Town Portal |
| Right click | 1245 |
| Select | 695 |
| Misc. action | 187 |
| Build/train/purchase | 134 |
| Use ability | 75 |
| Select group | 32 |
| Assign group | 9 |
| Minimap ping | 8 |
| Remove unit | 7 |
| Item give/drop | 1 |


| Rod of Necromancy | 2 | 300 |
| Potion of Healing | 2 | 300 |
| Potion of Mana | 1 | 200 |
| Dust of Appearance | 1 | 75 |
| Boots of Speed | 1 | 250 |
| total: | 7 | 1125g |
| Acolyte | 12 | 900 | / | 0 |
| Ghoul | 5 | 600 | / | 0 |
| Crypt Fiend | 9 | 1935 | / | 360 |
| Obsidian Statue | 6 | 1200 | / | 210 |
| Necromancer | 5 | 725 | / | 100 |
| Frost Wyrm | 6 | 2310 | / | 720 |
| Siege Engine | 4 | 780 | / | 240 |
| total: | 47 | 8450g | / | 1630w |
| Spirit Tower | 2 | 290 | / | 80 |
| Nerubian Tower | 1 | 100 | / | 20 |
| Ziggurat | 23 | 3450 | / | 1150 |
| Altar of Darkness | 1 | 180 | / | 50 |
| Tomb of Relics | 1 | 130 | / | 30 |
| Crypt | 2 | 400 | / | 100 |
| Graveyard | 1 | 215 | / | 0 |
| Necropolis | 1 | 225 | / | 0 |
| Slaughterhouse | 1 | 140 | / | 135 |
| Temple of the Damned | 2 | 310 | / | 280 |
| Boneyard | 4 | 700 | / | 800 |
| Halls of the Dead | 1 | 320 | / | 210 |
| Black Citadel | 1 | 325 | / | 230 |
| Farm | 1 | 80 | / | 20 |
| total: | 37 | 5830g | / | 2565w |
| 0:12 | Acolyte |
| 0:12 | Acolyte |
| 0:19 | Ziggurat |
| 0:25 | Altar of Darkness |
| 0:46 | Tomb of Relics |
| 0:58 | Crypt |
| 1:16 | Ziggurat |
| 2:07 | Crypt |
| 2:12 | Ghoul |
| 2:20 | Ghoul |
| 2:26 | Rod of Necromancy |
| 2:30 | Death Coil |
| 3:03 | Ghoul |
| 3:17 | Ghoul |
| 3:22 | Ziggurat |
| 4:18 | Graveyard |
| 4:44 | Halls of the Dead |
| 5:49 | Unholy Strength |
| 6:02 | Ziggurat |
| 6:25 | Unholy Aura |
| 7:07 | Acolyte |
| 7:13 | Crypt Fiend |
| 7:37 | Acolyte |
| 7:38 | Acolyte |
| 7:38 | Acolyte |
| 7:38 | Acolyte |
| 8:00 | Unholy Armor |
| 8:12 | Ghoul |
| 8:49 | Frost Nova |
| 9:03 | Death Coil |
| 9:12 | Slaughterhouse |
| 9:28 | Temple of the Damned |
| 9:31 | Temple of the Damned |
| 9:43 | Necropolis |
| 9:47 | Ziggurat |
| 9:50 | Ziggurat |
| 9:56 | Potion of Healing |
| 9:59 | Black Citadel |
| 10:17 | Obsidian Statue |
| 10:19 | Rod of Necromancy |
| 10:25 | Potion of Mana |
| 10:31 | Potion of Healing |
| 10:37 | Ziggurat |
| 10:39 | Spirit Tower |
| 10:42 | Spirit Tower |
| 10:48 | Improved Unholy Strength |
| 10:49 | Improved Unholy Armor |
| 10:53 | Necromancer Adept Training |
| 11:20 | Necromancer |
| 11:22 | Skeletal Mastery |
| 11:39 | Boots of Speed |
| 11:46 | Obsidian Statue |
| 11:58 | Necromancer |
| 12:07 | Ziggurat |
| 12:12 | Nerubian Tower |
| 12:21 | Necromancer Master Training |
| 12:23 | Necromancer |
| 12:28 | Obsidian Statue |
| 12:59 | Necromancer |
| 13:32 | Necromancer |
| 13:59 | Advanced Unholy Strength |
| 14:00 | Advanced Unholy Armor |
| 15:25 | Boneyard |
| 15:27 | Boneyard |
| 15:29 | Boneyard |
| 15:36 | Boneyard |
| 16:05 | Acolyte |
| 17:03 | Frost Wyrm |
| 17:07 | Freezing Breath |
| 17:25 | Dark Ritual |
| 17:53 | Unholy Aura |
| 18:11 | Frost Wyrm |
| 18:18 | Ziggurat |
| 19:39 | Crypt Fiend |
| 19:39 | Web |
| 21:40 | Frost Nova |
| 21:54 | Crypt Fiend |
| 21:59 | Frost Wyrm |
| 22:02 | Obsidian Statue |
| 22:55 | Frost Wyrm |
| 23:25 | Ziggurat |
| 24:23 | Ziggurat |
| 24:24 | Ziggurat |
| 24:24 | Ziggurat |
| 24:24 | Ziggurat |
| 24:24 | Ziggurat |
| 24:24 | Ziggurat |
| 24:25 | Ziggurat |
| 25:18 | Ziggurat |
| 25:20 | Ziggurat |
| 25:21 | Ziggurat |
| 25:45 | Burrow |
| 25:52 | Crypt Fiend |
| 26:24 | Siege Engine |
| 26:29 | Iron Plating |
| 26:50 | Acolyte |
| 26:50 | Acolyte |
| 26:50 | Acolyte |
| 26:51 | Acolyte |
| 27:09 | Siege Engine |
| 27:12 | Farm |
| 29:32 | Frost Wyrm |
| 29:35 | Crypt Fiend |
| 30:17 | Obsidian Statue |
| 30:24 | Ziggurat |
| 30:34 | Dust of Appearance |
| 30:47 | Siege Engine |
| 31:03 | Crypt Fiend |
| 31:30 | Steel Plating |
| 31:45 | Obsidian Statue |
| 32:04 | Death Coil |
| 33:26 | Crypt Fiend |
| 34:25 | Crypt Fiend |
| 35:23 | Ziggurat |
| 35:27 | Ziggurat |
| 35:40 | Mithril Plating |
| 35:59 | Siege Engine |
| 36:19 | Storm Bolt |
| 36:23 | Crypt Fiend |
| 36:59 | Dark Ritual |
| 37:40 | Frost Wyrm |
| Select | 627 |
| Right click | 594 |
| Select group | 536 |
| Build/train/purchase | 124 |
| Assign group | 62 |
| Use ability | 60 |
| Remove unit | 7 |
| Item give/drop | 5 |
| Misc. action | 2 |
⇛